 Dungeon Crawl Stone Soup version 0.20.1-1-g8b1a95d (webtiles) character file.

56 Jotun the Skirmisher (level 3, 0/39 HPs)
             Began as an Ogre Skald on Oct 26, 2017.
             Slain by an adder (3 damage)
             ... on level 2 of the Dungeon.
             The game lasted 00:03:24 (1304 turns).

Jotun the Skirmisher (Ogre Skald)                   Turns: 1304, Time: 00:03:25

Health: 0/39       AC:  3    Str: 15    XL:     3   Next: 97%
Magic:  2/7        EV: 15    Int: 15    God:
Gold:   71         SH:  0    Dex: 13    Spells: 6/7 levels left

rFire    + . .     SeeInvis .   a - +0 mace
rCold    . . .     Gourm    .   (no shield)
rNeg     . . .     Faith    .   b - +0 robe
rPois    .         Spirit   .   (helmet restricted)
rElec    .         Reflect  .   (no cloak)
rCorr    .         Harm     .   (gloves unavailable)
MR       .....                  (boots unavailable)
Stlth    ++........             (no amulet)
Regen    0.2/turn               i - ring of protection from fire
MPRegen  0.1/turn               (no ring)

@: agile, lethally poisoned (0 -> -3)
A: unfitting armour, tough skin 1
a: no special abilities


You were on level 2 of the Dungeon.
You were not hungry.

You visited 1 branch of the dungeon, and saw 2 of its levels.

You collected 71 gold pieces.

Inventory:

Hand Weapons
 a - a +0 mace (weapon)
Armour
 b - a +0 robe (worn)
Jewellery
 i - a ring of protection from fire (left hand)
Scrolls
 f - a scroll of enchant weapon {unknown}
 g - a scroll of identify {unknown}
 h - 3 scrolls of amnesia {unknown}
 j - a scroll of remove curse {unknown}
 k - a scroll of teleportation {unknown}
Books
 c - a book of Battle

   Spells                             Type                      Level
   a - Infusion                       Charms                       1
   b - Shroud of Golubria             Charms/Translocation         2
   c - Song of Slaying                Charms                       2
   d - Spectral Weapon                Hexes/Charms                 3
   e - Regeneration                   Charms/Necromancy            3
Comestibles
 d - 2 bread rations
 l - 3 chunks of flesh


   Skills:
 * Level 3.6 Fighting
 + Level 2.5 Maces & Flails
 + Level 2.4 Dodging
 + Level 2.8 Spellcasting
 + Level 2.9 Charms


You had 6 spell levels left.
You knew the following spells:

 Your Spells              Type           Power        Failure   Level  Hunger
a - Infusion              Chrm           ##..         6%          1    #......


Dungeon Overview and Level Annotations

Branches:
Dungeon (2/15)

Altars:
Ashenzari


Innate Abilities, Weirdness & Mutations

You are too large for most types of armour.
You have tough skin. (AC +1)


Message History

You sock the adder!
The adder is heavily wounded.
The leopard gecko bites you.
* * * LOW HITPOINT WARNING * * *
The adder bites you.
* * * LOW HITPOINT WARNING * * *
The leopard gecko bites you.
* * * LOW HITPOINT WARNING * * *
The adder barely misses you. x2
You miss the adder.
The adder is heavily wounded.
* * * LOW HITPOINT WARNING * * *
You feel sick. The leopard gecko closely misses you.
The adder barely misses you. x2; The adder bites you but does no damage.
The leopard gecko closely misses you.
You miss the adder.
The adder is heavily wounded.
The adder bites you but does no damage. The adder barely misses you.
The leopard gecko misses you. The adder bites you.
You die...

######## ##......#
##########
........###...##...##
#.<......>..........##
#.......#........(...#
........#........g...#
.#......#.....÷.@S...#
##########......lSK.##
........#....#######
#######.#.###†.....#
#.#.##........#
#...#..........
#..##..........
#..##.....$.... #.
#..........


You could see 2 adders, a leopard gecko, a goblin and a kobold.

Vanquished Creatures
  2 adders (D:2)
  3 dart slugs (D:1)
  3 goblins (D:1)
  4 hobgoblins
  8 jackals (D:1)
  3 kobolds (D:1)
  A bat (D:1)
  2 frilled lizards
  4 rats (D:1)
30 creatures vanquished.

Notes
Turn   | Place    | Note
-------+----------+-------------------------------------------
     0 | D:1      | Jotun the Ogre Skald began the quest for the Orb.
     0 | D:1      | Reached XP level 1. HP: 22/22 MP: 3/3
   107 | D:1      | Reached skill level 3 in Fighting
   138 | D:1      | Reached XP level 2. HP: 26/31 MP: 5/5
   401 | D:1      | Found a shattered altar of Ashenzari.
   741 | D:1      | Reached XP level 3. HP: 24/37 MP: 2/6
  1304 | D:2      | Slain by an adder

Skill      XL: |  1 |
---------------+----+-----
Fighting       | 3 |  3.6
Maces & Flails | 2 |  2.5
Dodging        | |  2.4
Spellcasting   | |  2.8
Charms         | |  2.9

Action                   || total
-------------------------++-------
Melee: Mace              ||   117
 Cast: Infusion          ||    13
  Use: Potion            ||     1
  Eat: Chunk             ||     2
Armor: Robe              ||    40
Dodge: Dodged            ||    98
